AoeStats
← fat_dgk

African Clearing

506784620Analyzed
4v4 RM · 18d ago on Sep 15, 2026· 49m 45s· 8 players
Game mode
Random Map
Map size
Large (8 player)
Population
200
Speed
Normal
Resources
Standard
Victory
Conquest
Starting age
Dark Age
Ending age
Imperial Age
RankedLock teamsTeams togetherTeam positionsShared explorationLock speedFull tech treeHidden civsTurbo modeCheats
Victory
Defeat
🇨🇳 Magyars · China
1315
+13
🇭🇰 Magyars · Hong Kong SAR China
1263
+15
🇨🇳 Cumans · China
1221
+17
🇨🇱 Mongols · Chile
1182
+20
🇨🇦 Magyars · Canada
1286
-18
🇺🇸 Japanese · United States
1263
-17
🇺🇸 Vietnamese · United States
1240
-16
🇺🇸 Mongols · United States
1197
-14
ggggidea
4:25 Loom
14:27 Feudal Age
15:44 Wheelbarrow
14:56 Double-Bit Axe
16:04 Gold Mining
16:24 Fletching
24:00 Castle Age
23:34 Scale Mail Armor
24:27 Pikeman
25:10 Squires
28:36 Horse Collar
31:08 Bow Saw
33:29 Chain Mail Armor
34:47 Forging
35:51 Hand Cart
35:35 Elite Skirmisher
36:20 Thumb Ring
40:23 Imperial Age
38:29 Padded Archer Armor
39:19 Hand Cart
40:15 Heavy Plow
40:12 Bodkin Arrow
40:33 Leather Archer Armor
42:21 Two-Man Saw
46:14 Town Watch
DIYwoo
3:39 Loom
14:36 Feudal Age
15:02 Double-Bit Axe
19:27 Castle Age
17:53 Fletching
17:59 Gold Mining
18:06 Stone Mining
18:48 Gold Mining
21:42 Bow Saw
22:34 Pikeman
35:11 Fletching
43:10 Nomads
46:22 Wheelbarrow
49:43 Hand Cart
dong
3:51 Loom
14:44 Feudal Age
15:18 Double-Bit Axe
15:28 Man-at-Arms
15:57 Horse Collar
16:58 Wheelbarrow
17:14 Arson
19:35 Scale Mail Armor
24:22 Fletching
41:45 Castle Age
47:57 Castle Age
Big Testicles
6:28 Loom
14:43 Feudal Age
18:54 Castle Age
17:45 Double-Bit Axe
19:51 Scale Barding Armor
26:06 Horse Collar
30:27 Bloodlines
31:07 Husbandry
31:29 Fletching
34:23 Chain Barding Armor
35:17 Wheelbarrow
35:13 Town Watch
37:53 Bodkin Arrow
44:04 Imperial Age
43:59 Masonry
45:28 Plate Barding Armor
44:22 Elite Magyar Huszar
45:38 Murder Holes
fat_dgk
11:25 Loom
13:29 Feudal Age
17:49 Castle Age
16:16 Bloodlines
17:51 Fletching
25:41 Bodkin Arrow
26:29 Padded Archer Armor
28:41 Double-Bit Axe
29:29 Husbandry
31:40 Leather Archer Armor
31:30 Town Watch
31:44 Horse Collar
33:13 Wheelbarrow
34:20 Bow Saw
40:07 Imperial Age
37:46 Thumb Ring
38:21 Ballistics
40:51 Bracer
40:13 Elite Mangudai
41:43 Parthian Tactics
43:25 Chemistry
42:02 Capped Ram
43:20 Drill
43:21 Conscription
43:21 Siege Ram
49:19 Scale Barding Armor
48:37 Light Cavalry
49:14 Hussar
看谁不爽肘谁
13:18 Loom
15:43 Feudal Age
19:17 Castle Age
20:38 Wheelbarrow
20:31 Gold Mining
22:49 Horse Collar
30:19 Scale Mail Armor
30:29 Scale Barding Armor
32:02 Chain Barding Armor
32:21 Fletching
33:14 Bodkin Arrow
35:41 Padded Archer Armor
36:25 Thumb Ring
39:08 Double-Bit Axe
42:05 Imperial Age
41:01 Leather Archer Armor
40:50 Corvinian Army
41:18 Double-Bit Axe
43:23 Conscription
43:08 Bracer
44:41 Chemistry
46:07 Parthian Tactics
46:33 Plate Barding Armor
46:53 Ballistics
48:03 Heavy Cavalry Archer
方霍霍
5:57 Loom
15:03 Feudal Age
24:56 Castle Age
30:37 Fletching
33:42 Bodkin Arrow
34:40 Padded Archer Armor
35:47 Scale Mail Armor
36:48 Ballistics
36:22 Gold Mining
36:22 Stone Mining
38:09 Thumb Ring
38:16 Bloodlines
37:44 Pikeman
38:25 Squires
44:06 Leather Archer Armor
46:57 Imperial Age
46:30 Wheelbarrow
45:40 Town Watch
47:03 Elite Kipchak
49:00 Chemistry
49:39 Ring Archer Armor
武帝曹操
3:14 Loom
12:58 Feudal Age
22:04 Castle Age
20:20 Scale Barding Armor
33:59 Horse Collar
39:58 Wheelbarrow
42:57 Chain Barding Armor
42:43 Husbandry
43:02 Bloodlines
Connection lost

Rejoining the realm…

Still unreachable

The connection could not be restored.

Session expired

The server has moved on; the page needs a fresh start.